 Dungeon Crawl Stone Soup version 0.29.0-13-gc9e81de378 (webtiles) character file.

Game seed: 7717475673896107165

0 sentinel the Ducker (level 1, -16/11 HPs)
             Began as a Spriggan Abyssal Knight on Sept 9, 2022.
             Was a Believer of Lugonu.
             Demolished by a large abomination (18 damage)
             ... on level 5 of the Abyss.
             The game lasted 00:01:25 (396 turns).

sentinel the Ducker (Spriggan Abyssal Knight)        Turns: 396, Time: 00:01:25

Health: -16/11     AC:  2    Str:  9    XL:     1   Next: 0%
Magic:  1/3        EV: 17    Int: 11    God:    Lugonu [**....]
Gold:   0          SH:  0    Dex: 15    Spells: 0/0 levels left

rFire   . . .      SeeInvis +   a - +1 short sword
rCold   . . .      Faith    .   (no shield)
rNeg    . . .      Spirit   .   b - +0 robe
rPois   .          Reflect  .   (helmet restricted)
rElec   .          Harm     .   (no cloak)
rCorr   .          Rampage  .   (gloves unavailable)
Will    .....                   (boots unavailable)
Stlth   +.........              (no amulet)
HPRegen 0.00/turn               (no ring)
MPRegen 0.08/turn               (no ring)

@: sick, very quick
A: very small, no large weapons, unfitting armour, see invisible, speed 3,
subdued magic 1
a: Renounce Religion, Depart the Abyss, Bend Space


You were on level 5 of the Abyss.
You worshipped Lugonu.
Lugonu was pleased with you.
You visited 0 branches of the dungeon, and saw 0 of its levels.
You visited the Abyss 1 time.

Inventory:

Hand Weapons
 a - a +1 short sword (weapon)
Armour
 b - a +0 robe (worn)


   Skills:
 + Level 2.4 Fighting
 + Level 2.1 Short Blades
 + Level 3.2 Dodging
 + Level 1.7 Invocations


You couldn't memorise any spells.
You didn't know any spells.
Your spell library was empty.

Dungeon Overview and Level Annotations

Branches:
Dungeon (0/15)

Altars:


Innate Abilities, Weirdness & Mutations

You are very small and have problems with some larger weapons.
You are too small for most types of armour.
You have supernaturally acute eyesight. (SInv)
You cover ground extremely quickly. (Speed+++)
Your spells are a little easier to cast, but a little less powerful.


Message History

Welcome, sentinel the Spriggan Abyssal Knight.
Are you destined to find the fantabulous Orb of Zot, or to die trying?
Lugonu says: Depart the Abyss and spread corruption, my servant! (use the ability menu to exit the Abyss) Press ? for a list of commands and other information.
Found a gateway leading out of the Abyss.
Found a gateway leading deeper into the Abyss.
There is a gateway leading deeper into the Abyss here.
You plunge deeper into the Abyss.
Found a corrupted altar of Lugonu.
Found a gateway leading out of the Abyss.
An orange demon comes into view.
The orange demon screeches!
You are suddenly pulled into a different region of the Abyss!
A large abomination comes into view.
But you're not safe!
The large abomination completely misses you.
An efreet comes into view.
It is wielding a +1 scimitar of flaming.
Found a gateway leading deeper into the Abyss.
There is a gateway leading deeper into the Abyss here.
You plunge deeper into the Abyss.
The abyssal rune of Zot can be found at this depth.
The abyssal matter surrounding you shimmers strangely.
You detect the abyssal rune!
The abyss shimmers again as the detected abyssal rune vanishes from your memory.
Found a corrupted altar of Lugonu.
A neqoxec comes into view.
A lich comes into view.
The lich shouts!
The lich casts a spell.
The lich seems to speed up.
The ghost moth stares at you.
You feel your power leaking away.
Found a gateway leading deeper into the Abyss.
A neqoxec comes into view.
The neqoxec shouts!
The neqoxec gestures at you.
Strange energies course through your body.
Your connection to magic feels subdued.
The ghost moth stares at you. The ghost moth stares at you.
The ghost moth stares at you.
There is a gateway leading deeper into the Abyss here.
You plunge deeper into the Abyss.
The abyssal rune of Zot can be found at this depth.
Magic restored.
Found a gateway leading deeper into the Abyss.
You enter the shallow water.
Moving in this stuff is going to be slow.
There is a gateway leading deeper into the Abyss here.
You plunge deeper into the Abyss.
The abyssal rune of Zot can be found at this depth.
You enter the shallow water.
Moving in this stuff is going to be slow.
An ancient zyme comes into view.
You feel yourself growing ill in the presence of the ancient zyme.
You feel ill.
You feel ill.
A rakshasa comes into view. It is wielding a +0 long sword.
A rakshasa is nearby!
A rakshasa is nearby!
The rakshasa blinks!
A rakshasa is nearby!
A rakshasa is nearby!
A rakshasa is nearby!
The abyssal matter surrounding you shimmers strangely.
You detect the abyssal rune!
The rakshasa blinks!
Tentacles burst from the starspawn's body! 2 starspawn tentacles come into view.
A tentacled starspawn and a large abomination come into view.
Tentacles burst from the starspawn's body! 2 starspawn tentacles come into view.
A large abomination comes into view.
The starspawn tentacle grabs you. The starspawn tentacle constricts you.
Space bends violently around you!
The starspawn tentacle's grasp on you weakens, but your attempt to escape fails.
The starspawn tentacle constricts you. Space bends violently around you!
You escape the starspawn tentacle's grasp.
You blink.
The large abomination hits you!!
Ouch! That really hurt!
You die...

##.## .#. .#. #
..##...#.... #....
....##.. #..X...#.#..
##.#.
..#####...#.#.##
..#..#..#.#.. ..
.#.#.X#.#.....##
####.#.│##.#..#..#.
..#.@..##│.###.#####.
#...X....## .
###.#.§.## . ##.####
## .


You could see a large abomination.

Vanquished Creatures (others)
  4 starspawn tentacles (Abyss:5)
4 creatures vanquished.

Notes
Turn   | Place    | Note
-------+----------+-------------------------------------------
     0 | Abyss:1  | sentinel the Spriggan Abyssal Knight began the quest for
                  | the Orb.
     0 | Abyss:1  | Reached XP level 1. HP: 11/11 MP: 3/3
    52 | Abyss:2  | Found a corrupted altar of Lugonu.
    87 | Abyss:2  | Noticed an orange demon
    91 | Abyss:2  | Noticed a large abomination
   135 | Abyss:2  | Noticed a large abomination
   164 | Abyss:2  | Noticed an efreet
   179 | Abyss:3  | Found a corrupted altar of Lugonu.
   208 | Abyss:3  | Noticed a neqoxec
   240 | Abyss:3  | Noticed a lich
   247 | Abyss:3  | Noticed a ghost moth
   247 | Abyss:3  | Noticed a large abomination
   251 | Abyss:3  | Noticed a neqoxec
   251 | Abyss:3  | Gained mutation: Your spells are a little easier to cast,
                  | but a little less powerful. [a neqoxec]
   308 | Abyss:5  | Noticed a large abomination
   315 | Abyss:5  | Noticed an ancient zyme
   350 | Abyss:5  | Noticed a rakshasa
   355 | Abyss:5  | Noticed a small abomination
   355 | Abyss:5  | Noticed a tentacled starspawn
   374 | Abyss:5  | Noticed a small abomination
   384 | Abyss:5  | Noticed a tentacled starspawn
   384 | Abyss:5  | Noticed a large abomination
   393 | Abyss:5  | Noticed a large abomination
   396 | Abyss:5  | Demolished by a large abomination

Illustrated notes

Levels and vault maps discovered:
Abyss:5:  base: Temple, evilmike_abyss_exit_12, hangedman_abyss_theft,
          doesnt_abyss_rune_brain_food

Action                   || total
-------------------------++-------
Invok: Bend Space        ||     2
Dodge: Dodged            ||     1
